 Dungeon Sprint DCSS version bcrawl-1.15.1 (webtiles) character file.

Game seed: 7991323902173491258

2144 Kerapac the Fighter (level 9, -12/92 HPs)
             Began as a Hill Orc Fighter on Oct 3, 2019.
             Was a Priest of Okawaru.
             Killed by mirror damage (14 damage)
             ... in the Dungeon (Sprint IX: "|||||||||||||||||||||||||||||").
             The game lasted 00:03:01 (280 turns).

Kerapac the Fighter (Hill Orc Fighter)               Turns: 280, Time: 00:03:01

Health: -12/92     AC: 11    Str: 22    XL:     9   Next: 30%
Magic:  7/9        EV: 13    Int:  8    God:    Okawaru [***...]
Gold:   0          SH: 12    Dex: 10    Spells: 8/8 levels left

rFire    . . .     SeeInvis .   s - +1 broad axe (chop)
rCold    . . .     Gourm    .   c - +0 shield
rNeg     . . .     Faith    .   q - +1 scale mail
rPois    .         Spirit   .   r - +0 helmet
rElec    .         Reflect  .   (no cloak)
rCorr    .         Harm     .   (no gloves)
MR       .....     NoTele   +   (no boots)
Stlth    ..........             (no amulet)
HPRegen  0.25/turn              o - +2 ring of evasion
MPRegen  0.11/turn              p - +2 ring of evasion

@: very slightly contaminated, hasted, very quick
A: no striking features
a: Heroism, Renounce Religion


You were in the Dungeon.
You worshipped Okawaru.
Okawaru was most pleased with you.
You were not hungry.

You visited 1 branch

Inventory:

Hand Weapons
 a - a +0 war axe
 s - a +1 broad axe of chopping (weapon)
 t - a +2 scimitar of holy wrath
Armour
 b - a +0 scale mail
 c - a +0 shield (worn)
 q - a +1 scale mail (worn)
 r - a +0 helmet (worn)
Jewellery
 o - a +2 ring of evasion (left hand)
 p - a +2 ring of evasion (right hand)
Wands
 n - a wand of acid (10)
Scrolls
 k - 2 scrolls of blinking
 l - 3 scrolls of remove curse
 m - 2 scrolls of amnesia
Potions
 e - 5 potions of curing
 i - 4 potions of magic
 j - a potion of berserk rage
Comestibles
 d - 3 chunks of flesh
 f - a ration {!d}


   Skills:
 * Level 12.7 Fighting
   Level 12.7 Short Blades
   Level 12.7 Long Blades
   Level 12.7 Axes
   Level 12.7 Maces & Flails
   Level 12.7 Polearms
   Level 12.7 Staves
 + Level 11.6 Armour
 + Level 11.6 Shields
   Level 12.7 Unarmed Combat


You had 8 spell levels left.
You didn't know any spells.
Your spell library was empty.

Dungeon Overview and Level Annotations

Branches:
Dungeon (1/1)

Altars:
Cheibriados
Dithmenos
Elyvilon
Fedhas
Gozag
Hepliaklqana
Kikubaaqudgha
Lugonu
Makhleb
Nemelex Xobeh
Okawaru
Qazlal
Ru
Sif Muna
Trog
Uskayaw
Vehumet
Wu Jian
Xom
Yredelemnul
Zin
The Shining One
Beogh
Jiyva


Message History

You hit the death knight but do no damage.
The death knight is heavily wounded.
The death knight hits you with a +3 battleaxe!!
* * * LOW HITPOINT WARNING * * *
You feel much better.
The death knight hits you with a +3 battleaxe!
* * * LOW HITPOINT WARNING * * *
You feel yourself speed up.
The death knight offers itself to Yredelemnul, and fills with unholy energy.
Your shield prevents you from hitting the death knight.
The death knight is heavily wounded.
You slash the death knight!
The death knight is severely wounded.
The death knight reflects your damage back at you!
* * * LOW HITPOINT WARNING * * *
You block the death knight's attack.
You slash the death knight!
The death knight is almost dead.
The death knight reflects your damage back at you!
You die...

▓.▓
▓)▓
▓.▓
▓.▓
▓†▓
▓.▓
▓.▓
▓)▓
▓@▓
▓p▓
▓.▓
▓+▓


You could see a death knight.

Vanquished Creatures
  A two-headed ogre (D)
  A manticore (D)
  A gargoyle (D)
  A torpor snail (shapeshifter) (D)
  A shadow (D)
  A phantom (D)
  A scorpion (D)
  A crimson imp (D)
  2 worker ants (D)
  A shadow imp (D)
  3 leopard geckos (D)
  A bat (D)
  A giant cockroach (D)
  A hobgoblin (D)
17 creatures vanquished.

Vanquished Creatures (others)
  A manticore (D)
  A bullfrog (D)
  An orc (D)
  A bat zombie (D)
4 creatures vanquished.

Grand Total: 21 creatures vanquished

Notes
Turn   | Place    | Note
-------+----------+-------------------------------------------
     0 | D        | Kerapac the Hill Orc Fighter began the quest for the Orb.
     0 | D        | Reached XP level 1. HP: 20/20 MP: 1/1
    31 | D        | Reached XP level 2. HP: 28/28 MP: 2/2
    40 | D        | Noticed a crimson imp
    40 | D        | Noticed a scorpion
    40 | D        | Noticed a phantom
    43 | D        | Killed a crimson imp
    43 | D        | Reached skill level 5 in Fighting
    43 | D        | Reached XP level 3. HP: 36/37 MP: 3/3
    47 | D        | Killed a scorpion
    47 | D        | Reached skill level 6 in Fighting
    47 | D        | Reached skill level 5 in Armour
    47 | D        | Reached skill level 5 in Shields
    47 | D        | Reached XP level 4. HP: 38/45 MP: 4/4
    58 | D        | Killed a phantom
    58 | D        | Reached skill level 7 in Fighting
    58 | D        | Reached XP level 5. HP: 40/53 MP: 5/5
   131 | D        | Found a roughly hewn altar of Beogh.
   131 | D        | Found a snail-covered altar of Cheibriados.
   131 | D        | Found a shadowy altar of Dithmenos.
   131 | D        | Found a white marble altar of Elyvilon.
   131 | D        | Found a blossoming altar of Fedhas.
   131 | D        | Found an opulent altar of Gozag.
   132 | D        | Found a hazy altar of Hepliaklqana.
   133 | D        | Found a viscous altar of Jiyva.
   134 | D        | Found an ancient bone altar of Kikubaaqudgha.
   135 | D        | Found a corrupted altar of Lugonu.
   136 | D        | Found a burning altar of Makhleb.
   137 | D        | Found a sparkling altar of Nemelex Xobeh.
   138 | D        | Found an iron altar of Okawaru.
   139 | D        | Found a stormy altar of Qazlal.
   140 | D        | Found a sacrificial altar of Ru.
   141 | D        | Found a shimmering blue altar of Sif Muna.
   142 | D        | Found a bloodstained altar of Trog.
   143 | D        | Found a hide-covered altar of Uskayaw.
   144 | D        | Found a radiant altar of Vehumet.
   145 | D        | Found an ornate altar of the Wu Jian Council.
   146 | D        | Became a worshipper of Warmaster Okawaru
   147 | D        | Found a shimmering altar of Xom.
   148 | D        | Found a basalt altar of Yredelemnul.
   149 | D        | Found a glowing silver altar of Zin.
   150 | D        | Found a glowing golden altar of the Shining One.
   211 | D        | Noticed a bullfrog
   211 | D        | Noticed a manticore
   211 | D        | Noticed a manticore
   211 | D        | Noticed a two-headed ogre
   214 | D        | Killed a bullfrog
   218 | D        | Killed a manticore
   218 | D        | Reached skill level 9 in Fighting
   218 | D        | Reached XP level 6. HP: 52/63 MP: 6/6
   226 | D        | Killed a manticore
   226 | D        | Reached skill level 10 in Fighting
   226 | D        | Reached XP level 7. HP: 41/73 MP: 7/7
   232 | D        | Killed a two-headed ogre
   232 | D        | Reached * piety under Okawaru
   232 | D        | Reached skill level 11 in Fighting
   232 | D        | Reached skill level 10 in Armour
   232 | D        | Reached skill level 10 in Shields
   232 | D        | Reached XP level 8. HP: 48/83 MP: 8/8
   246 | D        | Noticed a shadow
   246 | D        | Noticed a gargoyle
   246 | D        | Noticed an orb spider
   246 | D        | Noticed a death knight
   251 | D        | Killed a shadow
   251 | D        | Reached ** piety under Okawaru
   251 | D        | Reached skill level 12 in Fighting
   258 | D        | Noticed a torpor snail
   258 | D        | an orb spider changed into a torpor snail
   260 | D        | Killed a gargoyle
   260 | D        | Reached XP level 9. HP: 62/91 MP: 6/9
   267 | D        | Killed a torpor snail
   267 | D        | Reached *** piety under Okawaru
   279 | D        | HP: 2/92 [mirror damage (4)]
   280 | D        | Killed by mirror damage

Skill      XL: |  1  2  3  4  5  6  7  8 |
---------------+-------------------------+-----
Fighting       | 5 6 7 9 10 11 12 | 12.7
Armour         | 4 5 7 8 9 10 11 | 11.6
Shields        | 4 5 7 8 9 10 11 | 11.6
Short Blades   | | 12.7
Long Blades    | | 12.7
Axes           | | 12.7
Maces & Flails | | 12.7
Polearms       | | 12.7
Staves         | | 12.7
Unarmed Combat | | 12.7

Action                   |  1- 3 |  4- 6 |  7- 9 || total
-------------------------+-------+-------+-------++-------
Melee: War axe           |    36 |     8 |       ||    44
       Broad axe         |       |    12 |    33 ||    45
Invok: Heroism           |       |       |     2 ||     2
  Use: Potion            |     1 |     1 |     4 ||     6
 Stab: Invisible         |       |     1 |       ||     1
Armor: Scale mail        |    16 |     5 |     4 ||    25
Dodge: Dodged            |    13 |    18 |     9 ||    40
Block: Shield            |    20 |    19 |    13 ||    52
